 Dungeon Crawl Stone Soup version 0.16.2-12-gd0ad4c3 (webtiles) character file.

14167 faibistes the Thaumaturge (level 11, -2/64 HPs)
             Began as a Deep Elf Wizard on Oct 5, 2018.
             Was a High Priest of Sif Muna.
             Slain by a black mamba (15 damage)
             ... on level 2 of the Lair of Beasts.
             The game lasted 00:53:24 (18706 turns).

faibistes the Thaumaturge (Deep Elf Wizard)        Turns: 18706, Time: 00:53:24

Health: -2/64      AC: 12    Str:  4    XL:     11   Next: 85%
Magic:  22/34      EV: 16    Int: 27    God:    Sif Muna [*****.]
Gold:   386        SH:  0    Dex: 13    Spells: 6 memorised, 22 levels left

rFire  + . .     SeeInvis .     w - +1 dagger (freeze)
rCold  . . .     Clarity  .     B - +1 robe "Qaet" {MR+ rCorr}
rNeg   . . .     SustAb   .     (no shield)
rPois  .         Gourm    .     L - +2 helmet
rElec  .         Spirit   .     (no cloak)
rCorr  +         Warding  .     u - +1 pair of gloves
rMut   .         Stasis   .     c - +0 pair of boots
MR     ++...                    (no amulet)
Stlth  ++........               v - ring of protection from fire
                                p - +3 ring of protection

@: repel missiles, very resistant to hostile enchantments, unstealthy
A: no striking features
a: Channel Energy, Forget Spell, Renounce Religion


You were on level 2 of the Lair of Beasts.
You worshipped Sif Muna.
Sif Muna was extremely pleased with you.
You were not hungry.

You visited 3 branches of the dungeon, and saw 15 of its levels.

You collected 630 gold pieces.
You spent 244 gold pieces at shops.

Inventory:

Hand weapons
 e - a +0 club
 h - a +0 short sword
 w - a +1 dagger of freezing (weapon)
Armour
 a - a +0 robe
 b - a +0 hat
 c - a +0 pair of boots (worn)
 u - a +1 pair of gloves (worn)
 B - the +1 robe "Qaet" (worn) {MR+ rCorr}
   (You bought it in a shop on level 7 of the Dungeon)

   It affects your resistance to hostile enchantments.
   It protects you from acid and corrosion.
 L - a +2 helmet (worn)
Jewellery
 l - an uncursed ring of ice
 p - a +3 ring of protection (left hand)
 v - a ring of protection from fire (right hand)
 y - an uncursed ring of sustain abilities
Magical devices
 o - a wand of confusion (13)
 s - a wand of fireball (4)
 t - a wand of slowing (25)
 G - a wand of frost (0)
 J - a wand of disintegration (21)
 O - a wand of lightning (6)
Scrolls
 f - 5 scrolls of remove curse
 g - a scroll of recharging
 j - a scroll of identify
 k - 3 scrolls of teleportation
 q - a scroll of enchant weapon
 z - a scroll of fear
 E - a scroll of magic mapping
Potions
 m - 3 potions of haste
 r - 3 potions of resistance
 x - a potion of might
 F - a potion of cancellation
 I - a potion of berserk rage
 M - a potion of flight
 N - a potion of agility
 P - 3 potions of invisibility
Comestibles
 d - 11 bread rations
 i - 2 beef jerkies
 A - 2 fruits
 D - 11 slices of pizza
 K - 4 meat rations


   Skills:
 + Level 5.2 Fighting
 + Level 8.1 Dodging
 - Level 2.4 Stealth
 * Level 12.8 Spellcasting
 + Level 7.1 Conjurations
 + Level 5.9 Charms
 - Level 4.1 Summonings
 + Level 4.6 Translocations
 * Level 7.1 Fire Magic
 - Level 3.6 Air Magic
 - Level 2.7 Poison Magic
 * Level 5.7 Invocations
 + Level 4.1 Evocations


You had 22 spell levels left.
You knew the following spells:

 Your Spells              Type           Power        Failure   Level  Hunger
a - Magic Dart            Conj           ####         1%          1    None
b - Conjure Flame         Conj/Fire      ######..     1%          3    None
c - Call Imp              Summ           #####...     1%          2    None
d - Blink                 Tloc           N/A          1%          2    None
e - Mephitic Cloud        Conj/Pois/Air  #####...     1%          3    None
f - Repel Missiles        Chrm/Air       #####.       1%          2    None


Dungeon Overview and Level Annotations

Branches:
Dungeon (10/15)            Temple (1/1) D:7            Lair (4/8) D:9
  Swamp: Lair:3-6    Shoals: Lair:3-6     Snake: Lair:3-6    Spider: Lair:3-6
    Orc: D:9-12

Altars:
Ashenzari
Cheibriados
Dithmenos
Elyvilon
Fedhas
Gozag
Kikubaaqudgha
Makhleb
Nemelex Xobeh
Okawaru
Qazlal
Ru
Sif Muna
Trog
Vehumet
Xom
Yredelemnul
Zin
The Shining One

Shops:
D:4 }   D:6 %   D:7 [


Message History

Casting: Conjure Flame
Confirm with . or Enter, or press ? or * to list all spells.
Aiming: Conjure Flame
Press: ? - help, Dir - move target cursor The fire roars!
Casting: Conjure Flame
Confirm with . or Enter, or press ? or * to list all spells.
Aiming: Conjure Flame
Press: ? - help, Dir - move target cursor The fire roars!
The black mamba is engulfed in roaring flames. x2
The black mamba is engulfed in roaring flames.
Casting: Conjure Flame
Confirm with . or Enter, or press ? or * to list all spells.
Aiming: Conjure Flame
Press: ? - help, Dir - move target cursor The fire roars!
The black mamba is engulfed in roaring flames. x2
The black mamba bites you!
You die...

....# #......# ....# #......##
....# #.......# ...## #.......###
...## ## ####.........##. ...P#
####.##............... ....#
#####.##...................
....###.#...............>........
...#............@S§§§§...........
.>...............................
.................................
.................................
..#..............................
...#.P###........................
..>#### .#.#.#..................
...# #####.####.#............
...# # ##........PP###


You could see a black mamba.

Vanquished Creatures
  A hydra (D:7)
  Pikel (D:7)
  3 elephants (Lair:1)
  Joseph (D:8)
  2 spiny frogs
  Psyche (D:7)
  2 komodo dragons (Lair:2)
  A troll (D:9)
  5 basilisks
  21 yaks
  A hippogriff (D:9)
  Eustachio (D:5)
  2 wolves (D:7)
  5 phantoms
  5 porcupines
  2 orc warriors
  A sky beast (D:9)
  4 ice beasts
  A water moccasin (Lair:1)
  A necrophage (D:9)
  4 ogres
  4 centaurs
  3 giant frogs
  5 crocodiles
  A big kobold (D:7)
  A wyvern zombie (D:9)
  A gnoll sergeant (D:7)
  4 scorpions
  A water moccasin skeleton (D:7)
  4 wights (D:6)
  3 killer bees (D:5)
  5 crimson imps
  A goliath beetle (D:2)
  5 jellies
  A centaur zombie (D:7)
  A giant frog skeleton (D:7)
  A giant frog zombie (D:7)
  6 hounds
  6 orc priests
  7 iguanas
  5 orc wizards
  6 worker ants
  16 sheep
  4 hound skeletons
  2 worker ant zombies
  Robin (D:3)
  13 gnolls
  17 adders
  19 river rats
  2 shadow imps
  A white imp (D:8)
  2 worms
  An ufetubus (D:8)
  An adder zombie (D:5)
  An adder skeleton (D:7)
  5 giant geckos
  19 orcs
  2 ball pythons
  3 bat skeletons
  2 giant cockroaches
  19 hobgoblins
  A jackal (D:7)
  16 kobolds
  An ooze (D:5)
  7 quokkas
  16 bats
  4 giant newts
  A giant spore (D:7)
  21 goblins
  A quokka skeleton (D:7)
  A quokka zombie (D:9)
  16 rats
  3 ballistomycetes (D:7)
354 creatures vanquished.

Vanquished Creatures (collateral kills)
  A scorpion (D:5)
  An orc wizard (D:3)
  A worker ant (D:4)
  An iguana (Lair:2)
  An adder (D:2)
  2 gnolls (D:2)
  8 river rats
  A worm (D:3)
  2 orcs (D:3)
  A hobgoblin (D:3)
  A quokka (Lair:1)
  A giant newt (D:2)
21 creatures vanquished.

Vanquished Creatures (others)
  A slave (D:8)
  2 crimson imps
  3 iron imps
  3 shadow imps
  3 white imps
  An adder skeleton (D:4)
  2 kobolds
  A goblin (D:4)
  A quokka skeleton (D:4)
  4 bushes (D:9)
  5 fungi
  7 plants
33 creatures vanquished.

Grand Total: 408 creatures vanquished

Notes
Turn   | Place    | Note
--------------------------------------------------------------
     0 | D:1      | faibistes, the Deep Elf Wizard, began the quest for the Orb.
     0 | D:1      | Reached XP level 1. HP: 10/10 MP: 6/6
   565 | D:2      | Reached XP level 2. HP: 15/15 MP: 2/10
   569 | D:2      | Learned a level 2 spell: Blink
   572 | D:2      | Learned a level 2 spell: Call Imp
   583 | D:2      | Reached skill level 5 in Spellcasting
   807 | D:1      | Found a sparkling altar of Nemelex Xobeh.
  1505 | D:2      | Reached XP level 3. HP: 19/19 MP: 3/14
  1537 | D:2      | Learned a level 3 spell: Conjure Flame
  1541 | D:2      | Learned a level 3 spell: Mephitic Cloud
  1830 | D:2      | Reached XP level 4. HP: 24/24 MP: 3/17
  1834 | D:2      | Learned a level 2 spell: Repel Missiles
  2218 | D:3      | Noticed Robin
  2236 | D:3      | Found a sparkling altar of Nemelex Xobeh.
  2381 | D:3      | Reached XP level 5. HP: 28/28 MP: 10/20
  2396 | D:3      | Reached skill level 6 in Spellcasting
  2895 | D:5      | Entered Level 5 of the Dungeon
  2907 | D:5      | Reached XP level 6. HP: 26/32 MP: 10/22
  3545 | D:3      | Reached skill level 7 in Spellcasting
  3747 | D:4      | Noticed an ogre
  3760 | D:4      | Killed an ogre
  3760 | D:4      | Reached skill level 1 in Fighting
  4084 | D:3      | Killed Robin
  4195 | D:3      | Reached XP level 7. HP: 37/39 MP: 19/25
  4541 | D:4      | Found Ethoa's Gadget Shoppe.
  4773 | D:4      | Found an opulent altar of Gozag.
  4774 | D:4      | Found a snail-covered altar of Cheibriados.
  5458 | D:5      | Noticed an ogre
  5466 | D:5      | Killed an ogre
  5466 | D:5      | Reached skill level 5 in Dodging
  5466 | D:5      | Reached skill level 8 in Spellcasting
  5592 | D:5      | Noticed a phantom
  5614 | D:5      | Killed a phantom
  5890 | D:5      | Noticed Eustachio
  5944 | D:5      | Killed Eustachio
  5944 | D:5      | Reached skill level 9 in Spellcasting
  5944 | D:5      | Reached XP level 8. HP: 33/46 MP: 6/28
  6834 | D:7      | Found a staircase to the Ecumenical Temple.
  6841 | Temple   | Entered the Ecumenical Temple
  6947 | Temple   | Became a worshipper of Sif Muna the Loreminder
  7415 | D:6      | Found Kyadio's Food Shoppe.
  7495 | D:6      | Reached skill level 1 in Air Magic
  7886 | D:6      | Reached skill level 1 in Fire Magic
  7886 | D:6      | Reached skill level 1 in Poison Magic
  8026 | D:7      | Found Cropnups' Antique Armour Boutique.
  8041 | D:7      | Bought a crude robe for 136 gold pieces
  8051 | D:7      | Identified the +1 robe "Qaet" {MR+ rCorr} (You bought it in a shop on level 7 of the Dungeon)
  8051 | D:7      | Bought a glowing helmet for 108 gold pieces
  8125 | D:8      | Acquired Sif Muna's first power
  8125 | D:8      | Reached skill level 10 in Spellcasting
  8156 | D:8      | Noticed Psyche
  8405 | D:7      | Paralysed by Psyche for 3 turns
  8418 | D:7      | Killed Psyche
  8418 | D:7      | Reached XP level 9. HP: 28/52 MP: 9/30
  8733 | D:7      | Found a sacrificial altar of Ru.
  9075 | D:7      | Noticed a six-headed hydra
  9121 | D:7      | Killed a six-headed hydra
  9121 | D:7      | Acquired Sif Muna's second power
  9121 | D:7      | Reached skill level 5 in Conjurations
 10805 | D:7      | Reached skill level 1 in Invocations
 11063 | D:8      | Noticed Joseph
 11086 | D:8      | Killed Joseph
 11086 | D:8      | Reached skill level 1 in Charms
 11086 | D:8      | Reached XP level 10. HP: 24/56 MP: 20/32
 11882 | D:8      | Reached skill level 11 in Spellcasting
 12021 | D:8      | Reached skill level 1 in Evocations
 12200 | D:8      | Noticed Pikel
 12478 | D:7      | Killed Pikel
 13351 | D:8      | Reached skill level 5 in Fire Magic
 13525 | D:10     | Entered Level 10 of the Dungeon
 13746 | D:9      | Acquired Sif Muna's third power
 14279 | D:9      | Found a white marble altar of Elyvilon.
 14519 | D:9      | Noticed a troll
 14519 | D:9      | Found a staircase to the Lair.
 14531 | D:9      | Killed a troll
 14531 | D:9      | Reached skill level 12 in Spellcasting
 14531 | D:9      | Reached XP level 11. HP: 62/62 MP: 14/34
 15383 | D:9      | Found a blossoming altar of Fedhas.
 15513 | D:9      | Found a radiant altar of Vehumet.
 15514 | D:9      | Found a glowing golden altar of the Shining One.
 15514 | D:9      | Found a stormy altar of Qazlal.
 15930 | Lair:1   | Entered Level 1 of the Lair of Beasts
 16138 | Lair:1   | Reached skill level 5 in Charms
 16386 | Lair:1   | Reached skill level 5 in Invocations
 16915 | Lair:1   | Reached skill level 5 in Fighting
 18691 | Lair:2   | HP: 2/63 [spiny frog (21)]
 18706 | Lair:2   | Slain by a black mamba

Action                   |  1- 3 |  4- 6 |  7- 9 | 10-12 || total
-------------------------+-------+-------+-------+-------++-------
Melee: Unarmed           |     7 |       |       |       ||     7
       Short sword       |     3 |     9 |       |       ||    12
       Dagger            |       |     4 |   123 |   100 ||   227
 Cast: Magic Dart        |    68 |   144 |   445 |   709 ||  1366
       Call Imp          |     5 |    11 |     6 |    16 ||    38
       Conjure Flame     |     3 |     3 |    23 |    79 ||   108
       Mephitic Cloud    |       |     8 |    24 |    48 ||    80
       Blink             |       |     2 |    15 |    28 ||    45
       Repel Missiles    |       |     1 |     1 |     2 ||     4
Invok: Channel Energy    |       |       |       |     5 ||     5
Evoke: Wand              |       |       |       |     1 ||     1
  Use: Scroll            |     1 |     7 |     8 |    19 ||    35
       Potion            |       |     1 |       |     2 ||     3
 Stab: Confused          |       |       |     2 |     1 ||     3
       Sleeping          |       |       |       |     1 ||     1
  Eat: Chunk             |     3 |     7 |    20 |    25 ||    55
